 Dungeon Crawl Stone Soup version 0.22-a0-181-gb22368a (webtiles) character file.

5793 KristoblXynda the Carver (level 10, -4/81 HPs)
             Began as a White Draconian Gladiator on Feb 14, 2018.
             Was an Elder of Yredelemnul.
             Slain by a two-headed ogre
             ... wielding a +0 giant club
              (15 damage)
             ... on level 11 of the Dungeon.
             The game lasted 00:17:09 (8071 turns).

KristoblXynda the Carver (DrGl)                     Turns: 8071, Time: 00:17:11

Health: -4/81      AC: 11    Str: 17    XL:     10   Next: 50%
Magic:  10/10      EV: 17    Int: 12    God:    Yredelemnul [****..]
Gold:   488        SH:  0    Dex: 17    Spells: 9/9 levels left

rFire    . . .     SeeInvis .   g - +1 scimitar
rCold    + . .     Gourm    .   (no shield)
rNeg     . . .     Faith    .   (armour unavailable)
rPois    +         Spirit   .   b - +1 hat
rElec    .         Reflect  .   G - +2 cloak
rCorr    .         Harm     .   (no gloves)
MR       .....                  (no boots)
Stlth    ++........             h - amulet of regeneration
HPRegen  0.63/turn              r - +5 ring of dexterity
MPRegen  0.12/turn              y - ring of poison resistance

@: short of breath
A: breathe frost, unfitting armour, cold resistance 1, cold-blooded, AC +7
a: Breathe Frost, Recall Undead Slaves, Injury Mirror, Animate Dead, Drain Life,
Renounce Religion


You were on level 11 of the Dungeon.
You worshipped Yredelemnul.
Yredelemnul was greatly pleased with you.
You were not hungry.

You visited 2 branches of the dungeon, and saw 11 of its levels.
You also visited: Sewer and Ossuary.

You collected 551 gold pieces.
You spent 63 gold pieces at shops.

Inventory:

Hand Weapons
 g - a +1 scimitar (weapon)
Missiles
 c - 2 throwing nets (quivered)
Armour
 b - a +1 hat (worn)
 G - a +2 cloak (worn)
Jewellery
 h - an amulet of regeneration (around neck)
 i - a +3 amulet of reflection
 p - an uncursed amulet of faith {unknown}
 r - a +5 ring of dexterity (left hand)
 y - a ring of poison resistance (right hand)
 A - the ring "Irigeki" {Ice MR+ Slay+2 SInv}
   (You found it on level 8 of the Dungeon)

   [ring of ice]

   It enhances your ice magic.
   It affects your accuracy and damage with ranged weapons and melee attacks
   (+2).
   It makes you vulnerable to fire.
   It protects you from cold.
   It affects your resistance to hostile enchantments.
   It lets you see invisible.
 C - an uncursed amulet of guardian spirit {unknown}
 E - a +2 ring of intelligence {unknown}
Wands
 m - a wand of digging (11)
 q - a wand of scattershot (1)
 D - a wand of iceblast (6)
Scrolls
 f - 8 scrolls of remove curse
 j - 3 scrolls of fear
 t - 3 scrolls of teleportation
 u - 2 scrolls of amnesia
 v - 4 scrolls of magic mapping
 x - a scroll of enchant armour
Potions
 a - 2 potions of flight
 e - 3 potions of resistance
 k - 7 potions of heal wounds
 l - 6 potions of curing
 n - a potion of invisibility
 o - 2 potions of lignification {unknown}
 s - 5 potions of brilliance
 w - a potion of haste
 z - a potion of agility
 B - a potion of berserk rage {unknown}
Comestibles
 d - 9 rations


   Skills:
 + Level 5.4 Fighting
 * Level 13.3 Long Blades
 - Level 2.0 Throwing
 + Level 6.9 Dodging


You had 9 spell levels left.
You didn't know any spells.

Dungeon Overview and Level Annotations

Branches:
Dungeon (9/15)             Temple (1/1) D:5
   Lair: D:8-11         Orc: D:9-12

Altars:
Ashenzari
Cheibriados
Dithmenos
Elyvilon
Fedhas
Gozag
Hepliaklqana
Kikubaaqudgha
Makhleb
Nemelex Xobeh
Okawaru
Qazlal
Ru
Sif Muna
Trog
Uskayaw
Vehumet
Wu Jian
Xom
Yredelemnul
Zin
The Shining One

Shops:
D:7 =   D:9 (}=

Annotations:
D:11 Psyche


Innate Abilities, Weirdness & Mutations

You can breathe waves of freezing cold.
You can buffet flying creatures when you breathe cold.
Your icy white scales are hard. (AC +7)
You cannot fit into any form of body armour.
Your flesh is cold resistant. (rC+)
You are cold-blooded and may be slowed by cold attacks.


Message History

Psyche hits your wraith but does no damage.
Space bends around your wraith.
Your wraith hits Psyche but does no damage.
The two-headed ogre hits you with a giant club!!
The two-headed ogre hits you with a giant club.
You hit the two-headed ogre but do no damage.
You tail-slap the two-headed ogre.
The two-headed ogre is lightly wounded.
Your wraith hits Psyche.
Your wraith drains Psyche's vigour!
Psyche seems to slow down.
Psyche hits your wraith with a dagger of distortion.
Your wraith looks slightly unstable.
Your wraith barely misses Psyche.
Psyche mumbles some strange words.
Psyche seems to speed up.
The two-headed ogre hits you with a giant club!
* * * LOW HITPOINT WARNING * * *
The two-headed ogre hits you with a giant club!
You die...
Your body rises from the dead as a mindless zombie.

.................#
.................#..
............######..
##..........#....../
#..........#.......
#..........#.......
#########'##.......
.........W@......
####...@O...##+#
#........#
#........#
+........+
#........#
#........#
#....###.# .....# .#


You could see a two-headed ogre, Psyche and a friendly wraith.

Vanquished Creatures
  Pikel (D:4)
  An ugly thing (D:11)
  A troll (D:9)
  A hornet (D:11)
  3 hippogriffs
  Grinder (D:4)
  Sigmund (D:5)
  2 wraiths (Ossuary)
  A steam dragon (D:11)
  Edmund (D:4)
  A water moccasin (D:7)
  An orc warrior (D:11)
  An ice beast (D:6)
  2 sky beasts
  Purgy (D:4)
  3 ogres
  A phantom (D:8)
  3 centaurs
  2 big kobolds (Sewer)
  3 bullfrogs
  A wyvern zombie (D:6)
  A scorpion (D:8)
  3 killer bees (D:11)
  4 wights
  2 vampire bats (D:5)
  2 howler monkeys
  2 crimson imps
  4 orc priests
  A hound (D:11)
  2 jellies
  4 orc wizards
  Jessica (D:2)
  4 worker ants
  A hound skeleton (D:8)
  4 gnolls (D:5)
  A worker ant zombie (D:7)
  20 adders
  3 river rats (Sewer)
  4 shadow imps
  3 oozes
  An adder zombie (Ossuary)
  2 adder skeletons
  3 dart slugs
  4 leopard geckos
  22 orcs
  4 ball pythons
  3 bats
  2 bat skeletons (D:5)
  3 bat zombies (D:5)
  7 giant cockroaches
  12 goblins
  6 hobgoblins
  2 jackals (D:2)
  25 kobolds
  3 quokkas
  9 frilled lizards
  A hobgoblin skeleton (Ossuary)
  3 hobgoblin zombies (Ossuary)
  2 kobold zombies (Ossuary)
  3 orc skeletons (Ossuary)
  23 rats
238 creatures vanquished.

Vanquished Creatures (collateral kills)
  2 orc warriors (D:7)
  An ogre (D:7)
  A hound (D:7)
  An orc wizard (D:7)
  A hound zombie (D:6)
  3 orcs
9 creatures vanquished.

Grand Total: 247 creatures vanquished

Notes
Turn   | Place    | Note
-------+----------+-------------------------------------------
     0 | D:1      | KristoblXynda the Draconian Gladiator began the quest for the Orb.
     0 | D:1      | Reached XP level 1. HP: 17/17 MP: 1/1
   434 | D:1      | Reached XP level 2. HP: 18/24 MP: 2/2
  1228 | D:2      | Reached XP level 3. HP: 18/29 MP: 3/3
  1346 | D:2      | Reached skill level 4 in Long Blades
  1613 | D:2      | Reached XP level 4. HP: 36/36 MP: 4/4
  1631 | D:2      | Found a faded altar of an unknown god.
  1734 | D:2      | Found a basalt altar of Yredelemnul.
  1744 | D:2      | Became a worshipper of Yredelemnul the Dark
  1898 | D:2      | Noticed Jessica
  1907 | D:2      | Killed Jessica
  2025 | D:2      | Found a hide-covered altar of Uskayaw.
  2025 | D:2      | Found a shadowy altar of Dithmenos.
  2027 | D:2      | Found a stormy altar of Qazlal.
  2036 | D:2      | Found a hazy altar of Hepliaklqana.
  2036 | D:2      | Found a blossoming altar of Fedhas.
  2038 | D:2      | Found a deep blue altar of Sif Muna.
  2040 | D:2      | Found a shattered altar of Ashenzari.
  2271 | D:3      | Reached XP level 5. HP: 38/41 MP: 5/5
  2373 | D:3      | Reached skill level 5 in Long Blades
  2788 | D:4      | Noticed Edmund
  2817 | D:4      | Killed Edmund
  2817 | D:4      | Reached skill level 6 in Long Blades
  2817 | D:4      | Reached XP level 6. HP: 40/48 MP: 6/6
  2831 | D:4      | Noticed Purgy
  2859 | D:4      | Killed Purgy
  2942 | D:4      | Found a sand-covered staircase.
  2951 | Ossuary  | Entered an ossuary
  2999 | Ossuary  | Reached * piety under Yredelemnul
  3057 | Ossuary  | Noticed a wraith
  3057 | Ossuary  | Noticed a flying skull
  3066 | Ossuary  | Noticed a flying skull
  3089 | Ossuary  | Noticed a flying skull
  3126 | Ossuary  | Your scales start taking on an icy white colour.
  3126 | Ossuary  | Reached XP level 7. HP: 35/55 MP: 7/7
  3126 | Ossuary  | Gained mutation: Your flesh is cold resistant. (rC+) [White Draconian growth]
  3242 | Ossuary  | Noticed a flying skull
  3247 | Ossuary  | Noticed a wraith
  3257 | Ossuary  | Killed a wraith
  3257 | Ossuary  | Reached skill level 7 in Long Blades
  3257 | Ossuary  | Reached skill level 5 in Dodging
  3277 | Ossuary  | Noticed a wraith
  3291 | Ossuary  | Killed a wraith
  3383 | D:4      | Found a glowing drain.
  3398 | Sewer    | Entered a sewer
  3556 | Sewer    | Reached ** piety under Yredelemnul
  3727 | Sewer    | Reached skill level 8 in Long Blades
  3748 | Sewer    | Reached XP level 8. HP: 14/61 MP: 8/8
  4261 | D:4      | Noticed Grinder
  4272 | D:4      | Noticed Pikel
  4272 | D:4      | Paralysed by Grinder for 6 turns
  4298 | D:4      | Killed Pikel
  4298 | D:4      | Reached skill level 9 in Long Blades
  4305 | D:4      | Killed Grinder
  4305 | D:4      | Reached skill level 10 in Long Blades
  4477 | D:4      | Noticed a hippogriff
  4491 | D:4      | Killed a hippogriff
  4657 | D:5      | Entered Level 5 of the Dungeon
  4733 | D:5      | Found a white marble altar of Elyvilon.
  4750 | D:5      | Reached XP level 9. HP: 47/67 MP: 9/9
  4900 | D:5      | Reached skill level 11 in Long Blades
  4928 | D:5      | Found an iron altar of Okawaru.
  4957 | D:5      | Found a staircase to the Ecumenical Temple.
  4980 | Temple   | Entered the Ecumenical Temple
  5144 | D:5      | Noticed Sigmund
  5153 | D:5      | Reached *** piety under Yredelemnul
  5157 | D:5      | Killed Sigmund
  5185 | D:5      | Found an ancient bone altar of Kikubaaqudgha.
  5710 | D:6      | Received a gift from Yredelemnul (3 flying skulls)
  5828 | D:6      | Reached skill level 12 in Long Blades
  6305 | D:7      | Found Naihibom's Jewellery Shoppe.
  6322 | D:7      | Bought a cursed ring of teleportation for 63 gold pieces
  6480 | D:7      | Received a gift from Yredelemnul (2 flying skulls)
  6700 | D:8      | Got a scintillating copper ring
  6831 | D:8      | Identified the ring "Irigeki" {Ice MR+ Slay+2 SInv} (You found it on level 8 of the Dungeon)
  7511 | D:9      | Found Esonlit's Gadget Shoppe.
  7536 | D:9      | Found Nakuw's Jewellery Shop.
  7537 | D:9      | Found Akko's Antique Weapon Shoppe.
  7580 | D:9      | Reached XP level 10. HP: 78/78 MP: 10/10
  7762 | D:9      | You fall through a shaft for 2 floors!
  7843 | D:11     | Reached skill level 13 in Long Blades
  7876 | D:11     | Reached **** piety under Yredelemnul
  7883 | D:11     | Noticed a purple ugly thing
  7927 | D:11     | Killed a purple ugly thing
  7927 | D:11     | Reached skill level 5 in Fighting
  7989 | D:11     | Received a gift from Yredelemnul (a wraith)
  8062 | D:11     | Noticed Psyche
  8062 | D:11     | Noticed a two-headed ogre
  8071 | D:11     | Slain by a two-headed ogre

Vault maps used:
D:1:      lightli_arrival_quake, kennysheep_small_spiral, minmay_strange_pillars
D:2:      yredelemnul_altar_generic, minitemple,
          chequers_ecumenical_altar_twisty, first_ration,
          kennysheep_big_empty_room, grunt_decor_resistance, uniq_jessica
D:4:      chequers_ossuary_entry_cave, portal_sewer_entry_d,
          hangedman_decor_lopped, hangedman_minor_gate_pass, uniq_edmund,
          uniq_pikel, uniq_grinder, uniq_purgy
D:5:      lemuel_round_altar, okawaru_gym_becter, kennysheep_vampire_church,
          temple_green, uniq_sigmund
D:7:      kennysheep_small_square
D:9:      serial_shops, shop, shop, nicolae_shop_trees, hangedman_fish_farm,
          minmay_misc_feat_iff
D:11:     uniq_psyche
Temple:   jpeg_temple_clearing
Sewer:    sewer_minmay_treatment
Ossuary:  ossuary_due_cavern

Skill      XL: |  1  2  3  4  5  6  7  8  9 10 |
---------------+-------------------------------+-----
Throwing       | 2 |  2.0
Dodging        | 3 4 5 6 |  6.9
Long Blades    | 4 6 8 10 12 13 | 13.3
Fighting       | 4 5 |  5.4

Action                   |  1- 3 |  4- 6 |  7- 9 | 10-12 || total
-------------------------+-------+-------+-------+-------++-------
Melee: Long sword        |    86 |   181 |       |       ||   267
       Tailslap          |     7 |    25 |    52 |    23 ||   107
       Scimitar          |       |       |   415 |   108 ||   523
Throw: Throwing net      |       |     3 |       |       ||     3
 Abil: Breathe Frost     |       |       |     1 |     1 ||     2
Evoke: Wand              |       |       |       |     5 ||     5
  Use: Scroll            |     2 |     7 |     9 |       ||    18
       Potion            |       |     3 |     2 |       ||     5
 Stab: Sleeping          |     2 |     4 |       |       ||     6
       Held in net/web   |       |     1 |       |       ||     1
       Distracted        |       |       |     2 |       ||     2
  Eat: Chunk             |     2 |     4 |     4 |       ||    10
       Ration            |       |     1 |     3 |     1 ||     5
Armor: Skin              |    20 |    47 |   161 |    36 ||   264
Dodge: Dodged            |    58 |   155 |   389 |    84 ||   686
Block: Other             |       |    23 |    26 |       ||    49
       Rpst.: Long sword |    15 |    56 |       |       ||    71
       Scimitar          |       |       |   112 |    31 ||   143

Table legend:
 A = Spawn XP
 B = Non-spawn XP
 C = Spawn XP percentage of total XP
 D = Spawn monster count
 E = Non-spawn monster count
 F = Spawn count percentage of total count
 G = Total turns spent on level
                    A         B        C        D         E        F      G
               +---------+---------+-------+---------+---------+-------+---------
         Total |       0 |    8276 |   0.0 |       0 |     247 |   0.0 |  8071
               +---------+---------+-------+---------+---------+-------+---------
           D:1 |       0 |      23 |   0.0 |       0 |      13 |   0.0 |   818
           D:2 |       0 |     163 |   0.0 |       0 |      33 |   0.0 |  1446
           D:3 |       0 |     111 |   0.0 |       0 |      21 |   0.0 |   460
           D:4 |       0 |    1493 |   0.0 |       0 |      16 |   0.0 |   756
           D:5 |       0 |     983 |   0.0 |       0 |      32 |   0.0 |   801
           D:6 |       0 |     720 |   0.0 |       0 |      15 |   0.0 |   607
           D:7 |       0 |     683 |   0.0 |       0 |      17 |   0.0 |   408
           D:8 |       0 |     264 |   0.0 |       0 |       7 |   0.0 |   903
           D:9 |       0 |     814 |   0.0 |       0 |      11 |   0.0 |   251
          D:11 |       0 |    2178 |   0.0 |       0 |      20 |   0.0 |   309
         Sewer |       0 |     310 |   0.0 |       0 |      48 |   0.0 |   778
       Ossuary |       0 |     534 |   0.0 |       0 |      14 |   0.0 |   399
               +---------+---------+-------+---------+---------+-------+---------
